 Dungeon Crawl Stone Soup version 0.27-b1-42-g19c61b19a5 (webtiles) character file.

Game seed: 11914709353295877314

161 shadowrider38 the Chopper (level 5, -5/46 HPs)
             Began as a Minotaur Berserker on July 29, 2021.
             Was a Priest of Trog.
             Succumbed to a water moccasin's poison
             ... on level 3 of the Dungeon.
             The game lasted 00:07:05 (2204 turns).

shadowrider38 the Chopper (Minotaur Berserker)      Turns: 2204, Time: 00:07:05

Health: -5/46      AC:  6    Str: 23    XL:     5   Next: 19%
Magic:  4/4        EV:  7    Int:  4    God:    Trog [***...]
Gold:   103        SH:  7    Dex:  9    Spells: 4/4 levels left

rFire    . . .     SeeInvis .   a - +0 hand axe
rCold    . . .     Faith    .   h - +0 kite shield
rNeg     . . .     Spirit   .   i - +0 scale mail
rPois    .         Reflect  .   (helmet restricted)
rElec    .         Harm     .   (no cloak)
rCorr    .         Rampage  .   (no gloves)
Will     .....                  (no boots)
Stlth    ..........             (no amulet)
HPRegen  0.15/turn              (no ring)
MPRegen  0.09/turn              (no ring)

@: brilliant, lethally poisoned (-5 -> -36)
A: horns 2, retaliatory headbutt
a: Renounce Religion, Berserk, Trog's Hand


You were on level 3 of the Dungeon.
You worshipped Trog.
Trog was most pleased with you.
You visited 1 branch of the dungeon, and saw 3 of its levels.

You collected 103 gold pieces.

Inventory:

Hand Weapons
 a - a +0 hand axe (weapon)
Armour
 b - a +0 animal skin
 f - a +0 ring mail of fire resistance
 h - a +0 kite shield (worn)
 i - a +0 scale mail (worn)
 k - a +0 helmet
Scrolls
 c - 2 scrolls of identify {unknown}
 d - a scroll of amnesia {unknown}
 e - 2 scrolls of fear {unknown}
 j - a scroll of noise {unknown}
Potions
 l - a potion of curing {unknown}
 m - a potion of mutation {unknown}


   Skills:
 - Level 3.7 Fighting
 * Level 7.1 Axes
 - Level 2.5 Armour
 - Level 2.2 Dodging


You had 4 spell levels left.
You didn't know any spells.
Your spell library was empty.

Dungeon Overview and Level Annotations

Branches:
Dungeon (3/15)

Altars:

Shops:
D:2 [   D:3 (


Innate Abilities, Weirdness & Mutations

You have a pair of horns on your head.
You reflexively headbutt those who attack you in melee.


Message History

The water moccasin is heavily wounded.
You feel sick.
The water moccasin bites you but does no damage.
The water moccasin bites you.
You are more poisoned.
The water moccasin poisons you!
Unknown command.
You slash the water moccasin!
Your headbutt misses the water moccasin.
The water moccasin is almost dead.
You feel very sick. You block the water moccasin's attack.
The water moccasin barely misses you.
You are too injured to fight recklessly!
You hit the water moccasin but do no damage.
Your headbutt misses the water moccasin.
The water moccasin is almost dead.
You feel very sick. The water moccasin bites you.
You are lethally poisoned!
The water moccasin poisons you!
The water moccasin bites you but does no damage.
You closely miss the water moccasin.
The water moccasin is almost dead.
* * * LOW HITPOINT WARNING * * *
You feel extremely sick. The water moccasin bites you.
* * * LOW HITPOINT WARNING * * *
You are more poisoned.
The water moccasin poisons you!
The water moccasin bites you but does no damage.
Okay, then.
Okay, then.
Unknown command.
Okay, then.
Unknown command.
Unknown command.
Okay, then.
It was a potion of brilliance.
You feel clever all of a sudden.
You die...

.........<†..+
.............###
.............#<##+###
######..###..........
#####8###..........
...................
.....∩.............
...................
.....<....)@S......
......†............
.....8.............
...................
########...........
#...........
#...........
#...........


You could see a water moccasin.

Vanquished Creatures
  Natasha (D:3)
  4 adders (D:2)
  2 worms (D:2)
  2 dart slugs
  An orc (D:3)
  9 ball pythons
  4 endoplasms
  A giant cockroach (D:2)
  5 goblins
  9 hobgoblins
  13 jackals
  6 kobolds
  2 quokkas (D:1)
  6 bats
  12 frilled lizards
  8 rats
85 creatures vanquished.

Vanquished Creatures (others)
  6 plants
6 creatures vanquished.

Grand Total: 91 creatures vanquished

Notes
Turn   | Place    | Note
-------+----------+-------------------------------------------
     0 | D:1      | shadowrider38 the Minotaur Berserker began the quest for
                  | the Orb.
     0 | D:1      | Reached XP level 1. HP: 19/19 MP: 0/0
    66 | D:1      | Reached skill level 4 in Axes
   281 | D:1      | Reached XP level 2. HP: 24/27 MP: 1/1
   615 | D:1      | Reached skill level 5 in Axes
   615 | D:1      | Reached XP level 3. HP: 33/33 MP: 2/2
   618 | D:1      | Reached ** piety under Trog
  1450 | D:2      | Found a faded altar of an unknown god.
  1489 | D:2      | Reached XP level 4. HP: 39/40 MP: 3/3
  1566 | D:2      | Reached skill level 6 in Axes
  1599 | D:2      | Reached *** piety under Trog
  1713 | D:2      | Found Movum's Antique Armour Shop.
  2074 | D:3      | Found Puwas's Weapon Shoppe.
  2080 | D:3      | Noticed Natasha
  2092 | D:3      | Killed Natasha
  2093 | D:3      | Reached skill level 7 in Axes
  2093 | D:3      | Reached XP level 5. HP: 33/46 MP: 4/4
  2186 | D:3      | Noticed a water moccasin
  2203 | D:3      | HP: 1/46 [water moccasin (6)]
  2204 | D:3      | Succumbed to a water moccasin's poison

Illustrated notes

Levels and vault maps discovered:
D:1:      psy_arrival_spokes, layout_basic, serial_forest,
          infiniplex_forest_lined_corner, infiniplex_forest_lined_ring,
          infiniplex_forest_lined_room_3, infiniplex_forest_corner_1,
          infiniplex_forest_lined_ring, infiniplex_forest_end_2,
          infiniplex_forest_end_1, infiniplex_forest_lined_1, minmay_lizard_king
D:2:      layout_basic, serial_shops, shop, hellmonk_ecumenical_altar_zigzags,
          minmay_mini_jars
D:3:      layout_basic, tso_oasis_becter, mainiacjoe_overflow_alcove_2,
          serial_shops, shop_statue, serial_bayou, serial_bayou_pond_d,
          serial_bayou_shore_b, serial_bayou_lake_a, serial_bayou_lagoon_b,
          kennysheep_another_room, uniq_natasha, uniq_sigmund

Skill      XL: |  1  2  3  4 |
---------------+-------------+-----
Axes           | 4 5 7 |  7.1
Fighting       | |  3.7
Armour         | |  2.5
Dodging        | |  2.2

Action                   |  1- 3 |  4- 6 || total
-------------------------+-------+-------++-------
Melee: Hand axe          |    94 |    66 ||   160
       Headbutt          |    11 |     7 ||    18
  Use: Potion            |       |     1 ||     1
Armor: Animal skin       |    12 |       ||    12
       Ring mail         |    21 |       ||    21
       Scale mail        |     3 |    26 ||    29
Dodge: Dodged            |    55 |    18 ||    73
Block: Kite shield       |    26 |    37 ||    63
